 Dungeon Crawl Stone Soup version 0.23-a0-586-gacb4b3f (webtiles) character file.

6703 KristoblXynda the Fighter (level 10, -21/139 HPs)
             Began as a Red Draconian Monk on Dec 19, 2018.
             Was an Initiate of Gozag.
             Demolished by Gastronok (28 damage)
             ... on level 1 of the Lair of Beasts.
             The game lasted 00:21:09 (10183 turns).

KristoblXynda the Fighter (Red Draconian Monk)     Turns: 10183, Time: 00:21:09

Health: -21/139    AC: 25    Str: 18    XL:     10   Next: 74%
Magic:  24/24      EV:  2    Int: 15    God:    Gozag
Gold:   561        SH:  0    Dex: 13    Spells: 4/9 levels left

rFire    . . .     SeeInvis .     - Unarmed
rCold    . . .     Gourm    .   (no shield)
rNeg     + + +     Faith    .   (armour unavailable)
rPois    +         Spirit   .   (helmet currently unavailable)
rElec    .         Reflect  .   (cloak currently unavailable)
rCorr    .         Harm     .   (gloves currently unavailable)
MR       .....     NoTele   +   (boots currently unavailable)
Stlth    ++........             u - amulet of the acrobat
HPRegen  0.33/turn              C - ring "Cujin" {MP+9 Slay+2}
MPRegen  0.19/turn              v - ring of poison resistance

@: mighty, tree-form
A: (breathe fire), unfitting armour, sense surroundings 1, AC +7
a: Potion Petition, Call Merchant, Bribe Branch, Renounce Religion


You were on level 1 of the Lair of Beasts.
You worshipped Gozag.
Gozag was pleased with you.
You were not hungry.
You were a tree.
You visited 3 branches of the dungeon, and saw 10 of its levels.

You collected 1336 gold pieces.
You spent 775 gold pieces at shops.

Inventory:

Jewellery
 b - an uncursed ring of protection from cold
 u - an amulet of the acrobat (around neck)
 v - a ring of poison resistance (right branch)
 C - the ring "Cujin" (left branch) {MP+9 Slay+2}
   (You bought it in a shop on level 5 of the Dungeon)

   [ring of magical power]

   It affects your accuracy and damage with ranged weapons and melee attacks
   (+2).
   It affects your magic capacity (+9).
Wands
 s - a wand of paralysis (2)
 y - a wand of acid (1)
Scrolls
 d - 2 scrolls of amnesia
 e - a scroll of magic mapping
 f - 9 scrolls of remove curse
 g - a scroll of fear {unknown}
 h - a scroll of random uselessness {unknown}
 i - a scroll of immolation {unknown}
 n - a scroll of enchant weapon {unknown}
 B - a scroll of enchant armour {unknown}
Potions
 c - 2 potions of brilliance
 k - 3 potions of cancellation
 l - a potion of agility
 m - 2 potions of might
 o - a potion of invisibility
 r - 3 potions of haste
 z - a potion of mutation
Comestibles
 a - 10 rations


   Skills:
 + Level 10.1 Fighting
 + Level 8.4 Dodging
 - Level 1.7 Stealth
 + Level 9.2 Unarmed Combat
 + Level 6.7 Evocations


You had 4 spell levels left.
You knew the following spells:

 Your Spells              Type           Power        Failure   Level  Hunger
a - Summon Mana Viper     Hex/Summ       #.......     100%        5    ######.

Your spell library contained the following spells:

 Spells                   Type           Power        Failure   Level  Hunger
 Magic Dart               Conj           #...         26%         1    ##.....
 Summon Butterflies       Summ           #.......     26%         1    ##.....
 Blink                    Tloc           N/A          38%         2    ###....
 Call Imp                 Summ           #.......     38%         2    ###....
 Shroud of Golubria       Chrm/Tloc      #.........   38%         2    ###....
 Slow                     Hex            #.......     38%         2    ###....
 Conjure Flame            Conj/Fire      #.......     63%         3    ####...
 Mephitic Cloud           Conj/Pois/Air  #.......     63%         3    ####...
 Summon Ice Beast         Ice/Summ       #.......     95%         4    #####..


Dungeon Overview and Level Annotations

Branches:
Dungeon (8/15)             Temple (1/1) D:5            Lair (1/6) D:8

Altars:
Ashenzari
Cheibriados
Dithmenos
Elyvilon
Gozag
Hepliaklqana
Makhleb
Nemelex Xobeh
Okawaru
Qazlal
Ru
Sif Muna
Trog
Uskayaw
Vehumet
Wu Jian
Xom
Yredelemnul
Zin
The Shining One
Jiyva

Shops:
D:5 =   D:6 *

Annotations:
Lair:1 Gastronok


Innate Abilities, Weirdness & Mutations

((You can breathe blasts of fire.))
((Your fiery red scales are hard. (AC +7)))
You cannot fit into any form of body armour.
((Your flesh is heat resistant. (rF+)))
((You are cold-blooded and may be slowed by cold attacks.))
You passively map a small area around you.
((You are covered in fur. (AC +1)))


Message History

Gastronok is no longer covered in acid.
You cannot move.
Gastronok is no longer distracted by gold.
Gastronok sloshes about.
Gastronok waves his eye-stalks in wide circles.
The air twists around and strikes you!
Unknown command.
You smack Gastronok!
Gastronok is moderately wounded.
Gastronok bites you!
* * * LOW HITPOINT WARNING * * *
You pummel Gastronok!!
Gastronok is heavily wounded.
You pummel Gastronok!!
Gastronok is severely wounded.
You pummel Gastronok!!
Gastronok is almost dead.
Gastronok bites you!!
You die...
Your body crumbles into a pile of gold.

#. P## . .. ..., .....# #.
.###.#####....# #.
#,#........#....# #.
#.#........#....# ##.
##.P........+....#######..
#.....$.....#.............
#>##...#$###.............
#.......♣w...............
#..##.+###.....###.#####.
#.,#......§....# ### #.
,.......#.....# #?
..#.....+.....# #.
#........P(....# #.
...P$....#.=<..# ##. *
,,.....#..)..# #.. ,
#+####.....## ##.


You could see Gastronok.

Vanquished Creatures
  A catoblepas (D:8)
  Sonja (Lair:1)
  2 komodo dragons
  A hippogriff (D:8)
  4 yaks (Lair:1)
  Menkaure (D:7)
  Edmund (D:4)
  A water moccasin (D:7)
  A porcupine (Lair:1)
  A black bear (D:7)
  Duvessa (D:5)
  10 ogres
  3 phantoms
  2 centaurs
  3 bullfrogs
  2 big kobolds
  Dowan (D:5)
  2 scorpions
  A water moccasin skeleton (D:8)
  4 killer bees (D:8)
  5 electric eels (D:7)
  3 howler monkeys
  3 crimson imps
  4 hounds
  8 orc wizards
  A bullfrog skeleton (D:4)
  2 gnoll shamans
  3 orc priests
  2 jellies
  2 iguanas
  Ijyb (D:3)
  4 worker ants (D:8)
  A hound zombie (D:5)
  A worker ant zombie (D:7)
  19 gnolls
  15 adders
  A shadow imp (D:6)
  2 oozes
  A worm (D:5)
  2 dart slugs
  2 leopard geckos
  27 orcs
  7 bats
  7 giant cockroaches
  5 goblins
  5 hobgoblins
  17 jackals
  5 quokkas
  5 frilled lizards
  17 kobolds
  10 rats
  A plant (D:8)
231 creatures vanquished.

Vanquished Creatures (others)
  A spriggan (D:7)
  An orc priest (D:7)
2 creatures vanquished.

Grand Total: 233 creatures vanquished

Notes
Turn   | Place    | Note
-------+----------+-------------------------------------------
     0 | D:1      | KristoblXynda the Draconian Monk began the quest for the
                  | Orb.
     0 | D:1      | Reached XP level 1. HP: 19/19 MP: 1/1
   293 | D:1      | Reached XP level 2. HP: 26/26 MP: 2/2
  1333 | D:2      | Reached XP level 3. HP: 17/33 MP: 3/3
  1564 | D:2      | Reached skill level 4 in Fighting
  1761 | D:2      | Reached XP level 4. HP: 35/40 MP: 4/4
  2216 | D:3      | Noticed Ijyb
  2230 | D:3      | Reached XP level 5. HP: 47/47 MP: 5/5
  2250 | D:3      | Killed Ijyb
  2750 | D:3      | Reached skill level 5 in Fighting
  2750 | D:3      | Reached XP level 6. HP: 33/56 MP: 6/6
  3113 | D:4      | Found a shimmering altar of Xom.
  3200 | D:4      | Reached skill level 5 in Unarmed Combat
  3278 | D:4      | Noticed Edmund
  3307 | D:4      | Your scales start taking on a fiery red colour.
  3307 | D:4      | Reached XP level 7. HP: 31/62 MP: 7/7
  3307 | D:4      | Gained mutation: Your flesh is heat resistant. (rF+) [Red
                  | Draconian growth]
  3313 | D:4      | Killed Edmund
  3313 | D:4      | Reached skill level 6 in Fighting
  3313 | D:4      | Reached skill level 5 in Dodging
  4042 | D:4      | Found an ornate altar of the Wu Jian Council.
  4088 | D:4      | Found a deep blue altar of Sif Muna.
  4372 | D:5      | Entered Level 5 of the Dungeon
  4385 | D:4      | Reached XP level 8. HP: 31/71 MP: 8/8
  4644 | D:5      | Found a staircase to the Ecumenical Temple.
  4653 | Temple   | Entered the Ecumenical Temple
  4699 | Temple   | Became a worshipper of Gozag Ym Sagoz the Greedy
  4746 | D:5      | Found a hide-covered altar of Uskayaw.
  4778 | D:5      | Reached skill level 1 in Evocations
  4801 | D:5      | Noticed Duvessa
  4801 | D:5      | Noticed Dowan
  4819 | D:5      | Killed Duvessa
  4819 | D:5      | Reached skill level 7 in Fighting
  4828 | D:5      | Killed Dowan
  4900 | D:5      | Found a white marble altar of Elyvilon.
  5046 | D:5      | Found Qireer's Jewellery Boutique.
  5078 | D:5      | Bought an uncursed ring of poison resistance for 280 gold
                  | pieces
  5390 | D:6      | Found a shattered altar of Ashenzari.
  5390 | D:6      | Found an iron altar of Okawaru.
  5392 | D:6      | Found a radiant altar of Vehumet.
  5848 | D:6      | Reached XP level 9. HP: 69/81 MP: 11/11
  5898 | D:6      | Found a basalt altar of Yredelemnul.
  5940 | D:6      | Found Qyjaqowa's General Store.
  6234 | D:7      | Noticed Menkaure
  6236 | D:7      | Reached skill level 8 in Fighting
  6245 | D:7      | Found a hazy altar of Hepliaklqana.
  6309 | D:7      | Killed Menkaure
  6774 | D:7      | Identified the Almanac of the Catamount
  7055 | D:7      | Found a stormy altar of Qazlal.
  7103 | D:7      | Learned a level 5 spell: Summon Mana Viper
  8353 | D:8      | Reached skill level 5 in Evocations
  8702 | D:8      | Reached skill level 9 in Fighting
  8748 | D:8      | Noticed a catoblepas
  8769 | D:8      | Killed a catoblepas
  8769 | D:8      | Reached XP level 10. HP: 77/91 MP: 12/14
  8927 | D:8      | Found a staircase to the Lair.
  9571 | D:8      | Found a burning altar of Makhleb.
  9792 | D:5      | Bought the ring "Cujin" {MP+9 Slay+2} for 495 gold pieces
  9876 | Lair:1   | Entered Level 1 of the Lair of Beasts
  9892 | Lair:1   | Noticed Sonja
  9910 | Lair:1   | Killed Sonja
 10111 | Lair:1   | Noticed Gastronok
 10148 | Lair:1   | Reached skill level 10 in Fighting
 10160 | Lair:1   | Gained mutation: You are covered in fur. (AC +1) [potion of
                  | mutation]
 10160 | Lair:1   | Gained mutation: You passively map a small area around you.
                  | [potion of mutation]
 10180 | Lair:1   | HP: 6/139 [Gastronok (17)]
 10183 | Lair:1   | Demolished by Gastronok

Vault maps used:
D:1:      dpeg_arrival_tiny_i, minmay_distorted
D:2:      first_ration, serial_bayou_crossing
D:3:      minmay_misc_feat_more_columns, kennysheep_generic_room_2, uniq_ijyb
D:4:      old_standard_altar, xom_teletrap_fun, led_sif_pool, uniq_edmund
D:5:      kennysheep_little_box, elyvilon_altar_5, minmay_temple_entry_waves,
          moated_statue, kennysheep_small_square, uniq_duvessa
D:6:      chequers_temple_overflow_statue_of_worship, serial_shops, shop,
          basic_altar
D:7:      lemuel_coloured_pillars_altar, lemuel_doored_altar, the_bakery,
          chequers_big_river, lemuel_flamethrower_1, uniq_menkaure
D:8:      lightli_temple_of_fire, david_lair_shrubbed, small_statue_intersection
Temple:   pf_slime_end_temple
Lair:1:   basic_altar, uniq_gastronok, uniq_sonja

Skill      XL: |  1  2  3  4  5  6  7  8  9 10 |
---------------+-------------------------------+-----
Dodging        | 3 4 5 6 7 8 |  8.4
Fighting       | 4 5 6 7 9 10 | 10.1
Unarmed Combat | 4 5 6 7 8 9 |  9.2
Evocations     | 3 5 6 |  6.7
Stealth        | |  1.7

Action                   |  1- 3 |  4- 6 |  7- 9 | 10-12 || total
-------------------------+-------+-------+-------+-------++-------
Melee: Unarmed           |   102 |    55 |   498 |   133 ||   788
       Tailslap          |    25 |    22 |    62 |    12 ||   121
       Punch             |     2 |     2 |    14 |     4 ||    22
       Dagger            |    48 |   130 |     4 |       ||   182
 Abil: Breathe Fire      |       |       |    10 |     3 ||    13
Evoke: Wand              |       |       |     4 |     6 ||    10
  Use: Scroll            |     3 |     1 |    12 |       ||    16
       Potion            |       |       |     6 |     5 ||    11
 Stab: Sleeping          |     3 |     2 |     4 |     2 ||    11
       Paralysed         |       |       |     3 |     3 ||     6
       Distracted        |       |       |     2 |       ||     2
  Eat: Chunk             |     3 |     5 |     2 |       ||    10
       Ration            |       |       |     5 |     2 ||     7
Armor: Skin              |    60 |    49 |   174 |    49 ||   332
Dodge: Dodged            |   117 |   113 |   393 |   100 ||   723

Table legend:
 A = Non-vault XP
 B = Vault XP
 C = Vault XP percentage of total XP
 D = Non-vault monster count
 E = Vault monster count
 F = Vault count percentage of total count
                 A         B        C        D         E       F
            +---------+---------+-------+---------+---------+-------
      Total |    7714 |    1863 |  19.5 |     216 |      15 |   6.5
            +---------+---------+-------+---------+---------+-------
        D:1 |      27 |       4 |  12.9 |      14 |       3 |  17.6
        D:2 |     113 |       0 |   0.0 |      31 |       0 |   0.0
        D:3 |     124 |     113 |  47.7 |      19 |       4 |  17.4
        D:4 |     893 |     164 |  15.5 |      27 |       1 |   3.6
        D:5 |     438 |     243 |  35.7 |      12 |       4 |  25.0
        D:6 |     915 |       0 |   0.0 |      18 |       0 |   0.0
        D:7 |    1309 |     165 |  11.2 |      38 |       1 |   2.6
        D:8 |    2570 |     367 |  12.5 |      51 |       1 |   1.9
     Lair:1 |    1325 |     807 |  37.9 |       6 |       1 |  14.3
            +---------+---------+-------+---------+---------+-------
